 Dungeon Crawl Stone Soup version 0.31-b1-22-gc680215f68 (webtiles) character file.

Game seed: 17724785199503656751

63 PaiMei the Grave Robber (level 3, 0/25 HPs)
             Began as a Demonspawn Necromancer on Jan 18, 2024.
             Slain by a goblin
             ... wielding a +0 club
             ... led by Robin
              (2 damage)
             ... on level 2 of the Dungeon.
             The game lasted 00:03:49 (3329 turns).

PaiMei the Grave Robber (Demonspawn Necromancer)    Turns: 3329, Time: 00:03:49

Health: 0/25       AC:  2    Str:  8    XL:     3   Next: 87%
Magic:  1/6        EV: 12    Int: 17    God:
Gold:   96         SH:  0    Dex: 13    Spells: 3/7 levels left

rFire   . . .        d - +0 club
rCold   . . .        (no shield)
rNeg    . . .        a - +0 robe
rPois   .            (no helmet)
rElec   .            (no cloak)
rCorr   .            (no gloves)
SInv    .            (no boots)
Will    .....        (no amulet)
Stlth   ++           (no ring)
HPRegen 0.24/turn    (no ring)
MPRegen 0.10/turn

%: no passive effects
@: no status effects
A: claws 1
a: no special abilities


You were on level 2 of the Dungeon.
You visited 1 branch of the dungeon, and saw 2 of its levels.

You collected 96 gold pieces.

Inventory:

Hand Weapons
 d - a +0 club (weapon)
Missiles
 g - 5 poisoned darts
 j - 4 atropa-tipped darts (quivered)
Armour
 a - a +0 robe (worn)
Jewellery
 k - an amulet of regeneration
 l - an amulet of reflection
Scrolls
 c - a scroll of poison {unknown}
 e - a scroll of blinking {unknown}
 h - a scroll of revelation {unknown}
 n - 3 scrolls of identify {unknown}
Potions
 b - a potion of magic
 f - a potion of haste {unknown}
 i - a potion of invisibility {unknown}
 m - a potion of curing {unknown}


   Skills:
 + Level 0.8 Fighting
 + Level 2.4 Dodging
 - Level 2.3 Stealth
 + Level 2.5 Spellcasting
 + Level 4.8 Necromancy


You had 3 spell levels left.
You knew the following spells:

 Your Spells              Type           Power      Damage    Failure   Level
a - Necrotise             Necr           72%        1d7       2%          1
b - Vampiric Draining     Necr           18%        2d7       8%          3

Your spell library contained the following spells:

 Spells                   Type           Power      Damage    Failure   Level
 Animate Dead             Necr           18%        N/A       26%         4
 Curse of Agony           Necr           18%        N/A       56%         5


Dungeon Overview and Level Annotations

Branches:
Dungeon (2/15)

Altars:

Annotations:
D:2 Robin


Innate Abilities, Weirdness & Mutations

You have sharp fingernails.


Message History

You hit Robin.
Robin is severely wounded.
The goblin hits you with a +0 club. The hobgoblin barely misses you.
Your hobgoblin skeleton hits the hobgoblin.
Casting: Necrotise (safe; 2% risk of failure)
Confirm with . or Enter, or press ? or * to list all spells.
You don't have enough magic to cast this spell.
The hobgoblin attacks as it pursues you!
The hobgoblin closely misses you.
You barely miss Robin.
Robin is severely wounded.
The goblin closely misses you.
The hobgoblin hits you but does no damage.
Your hobgoblin skeleton barely misses the hobgoblin.
The goblin completely misses you.
Your hobgoblin skeleton hits the goblin.
Robin throws the goblin at you!
Casting: Necrotise (safe; 2% risk of failure)
Confirm with . or Enter, or press ? or * to list all spells.
You don't have enough magic to cast this spell.
The goblin hits you with a +0 club. Robin barely misses you.
The hobgoblin hits you.
* * * LOW HITPOINT WARNING * * *
Casting: Necrotise (safe; 2% risk of failure)
Confirm with . or Enter, or press ? or * to list all spells.
You don't have enough magic to cast this spell.
You hit the hobgoblin but do no damage.
The hobgoblin is moderately wounded.
The goblin no longer looks unusually strong.
The goblin hits you with a +0 club.
* * * LOW HITPOINT WARNING * * *
Robin's horned helmet rattles.
Robin hits you with a +0 club.
* * * LOW HITPOINT WARNING * * *
The hobgoblin misses you.
Your hobgoblin skeleton closely misses Robin.
Robin throws the goblin at you!
The hobgoblin no longer looks unusually strong.
The goblin hits you with a +0 club.
You die...

#..##....>..###...
#..####....###....
#..........# #....
#.#.#.#....# #....
#..##....#.####...
##.###.............
#.....##..#.#####.#
##.##.##.##.# #.#
#@.#.#..##.# #.#
#g..g.#.##.# #.#
####gZ#.##.# #.#
##..#.##.#####.#
##...#.......##<#
##.....###.##.##.#
#...<...##.##.##.#
#.....>.##........
#.......#####.##..


You could see Robin, a hobgoblin (ally target), a goblin and a friendly
hobgoblin skeleton.

Vanquished Creatures
  A dart slug (D:1)
  6 ball pythons
  7 endoplasms
  A giant cockroach (D:1)
  12 goblins
  4 hobgoblins
  A jackal (D:1)
  2 quokkas
  4 bats
  5 frilled lizards
  2 kobolds (D:1)
  4 rats
49 creatures vanquished.

Vanquished Creatures (collateral kills)
  A dart slug (D:2)
  An endoplasm (D:2)
  A goblin (D:2)
  A jackal (D:1)
4 creatures vanquished.

Grand Total: 53 creatures vanquished

Notes
Turn   | Place    | Note
-------+----------+-------------------------------------------
     0 | D:1      | PaiMei the Demonspawn Necromancer began the quest for the
                  | Orb.
     0 | D:1      | Reached XP level 1. HP: 13/13 MP: 3/3
   553 | D:1      | Gained mutation: You have sharp fingernails. [demonic
                  | ancestry]
   553 | D:1      | Reached XP level 2. HP: 18/19 MP: 1/5
  1549 | D:1      | Reached XP level 3. HP: 6/24 MP: 0/6
  1553 | D:1      | Learned a level 3 spell: Vampiric Draining
  2237 | D:2      | Noticed Robin
  3329 | D:2      | Slain by a goblin

Illustrated notes

Levels and vault maps discovered:
D:1:      lightli_arrival_farm, layout_basic, st_stairs_8
D:2:      layout_loops_ring, uniq_robin

Skill      XL: |  1 |
---------------+----+-----
Stealth        | 2 |  2.3
Dodging        | 2 |  2.4
Fighting       | |  0.8
Spellcasting   | |  2.5
Necromancy     | |  4.8

Action                     || total
---------------------------++-------
  Melee: Unarmed           ||     8
         Club              ||    43
   Cast: Necrotise         ||    98
 Armour: Robe              ||    73
  Dodge: Dodged            ||    63
